 Dungeon Crawl Stone Soup version 0.22-a0-880-gb7b0c8b (webtiles) character file.

465 poirepourri the Slasher (level 7, 0/50 HPs)
             Began as an Octopode Fighter on July 30, 2018.
             Slain by a sky beast (5 damage)
             ... on level 5 of the Dungeon.
             The game lasted 00:04:17 (3990 turns).

poirepourri the Slasher (Octopode Fighter)          Turns: 3990, Time: 00:04:18

Health: 0/50       AC:  1    Str: 13 (16) XL:     7   Next: 8%
Magic:  7/7        EV: 11    Int:  8 (10) God:
Gold:   194        SH:  9    Dex: 12 (13) Spells: 6/6 levels left

rFire    . . .     SeeInvis .   a - +1 long sword
rCold    . . .     Gourm    .   b - +1 shield
rNeg     + . .     Faith    .   (helmet restricted)
rPois    .         Spirit   .   (no amulet)
rElec    .         Reflect  .   k - ring of stealth
rCorr    .         Harm     .   c - ring of positive energy
MR       .....                  (no ring)
Stlth    +++.......             (no ring)
HPRegen  0.16/turn              (no ring)
MPRegen  0.10/turn              (no ring)
                                (no ring)
                                (no ring)

@: no status effects
A: almost no armour, stealthy swim, amphibious, 8 rings, constrict 8, camouflage
1, gelatinous body 1
a: no special abilities


You were on level 5 of the Dungeon.
You were not hungry.

You visited 1 branch of the dungeon, and saw 5 of its levels.

You collected 194 gold pieces.

Inventory:

Hand Weapons
 a - a +1 long sword (weapon)
Missiles
 f - 33 bolts
Armour
 b - a +1 shield (worn)
Jewellery
 c - a ring of positive energy (right tentacle)
 k - a ring of stealth (left tentacle)
Wands
 l - a wand of digging (16)
 m - a wand of clouds (4)
Scrolls
 h - a scroll of fog
 i - a scroll of teleportation
Potions
 g - 2 potions of brilliance
Comestibles
 d - 2 rations


   Skills:
 + Level 5.1 Fighting
 - Level 6.1 Long Blades
 - Level 3.0 Dodging
 - Level 3.0 Shields


You had 6 spell levels left.
You didn't know any spells.
Your spell library was empty.

Dungeon Overview and Level Annotations

Branches:
Dungeon (5/15)
 Temple: D:4-7

Altars:
Sif Muna
Uskayaw


Innate Abilities, Weirdness & Mutations

You cannot wear most types of armour.
You are very stealthy in the water. (Stealth+)
You are amphibious.
You can wear up to eight rings at the same time.
You can use your tentacles to constrict eight enemies at once.
Your skin changes colour to match your surroundings (Stealth+).
Your rubbery body absorbs attacks. (AC +1, EV +1)


Message History

The sky beast closely misses you.
You riposte.
You barely miss the sky beast.
The sky beast is moderately wounded.
You hit the sky beast.
The sky beast is heavily wounded.
You block the sky beast's attack.
You hit the sky beast but do no damage. You squeeze the sky beast.
The sky beast is heavily wounded.
The sky beast closely misses you.
You slash the sky beast!
The sky beast is severely wounded.
The sky beast hits you.
* * * LOW HITPOINT WARNING * * *
The sky beast shocks you.
* * * LOW HITPOINT WARNING * * *
You barely miss the sky beast.
The sky beast is severely wounded.
The sky beast hits you.
* * * LOW HITPOINT WARNING * * *
The sky beast shocks you.
You die...

##.## #.# #.# ###
#.# #.# #.# #.#
##.##########.#
###.............#
#....############
#.#.## #.#.#
#@#.# #.#Y#.#
#.#.#.# #.#.#.#
#.#?#.# #.#.#.#
##.#.#.####
##....#....#
#.....####.####


You could see a sky beast.

Vanquished Creatures
  An ice beast (D:4)
  A scorpion (D:4)
  Crazy Yiuf (D:2)
  A bullfrog skeleton (D:5)
  Natasha (thrice) (D:3)
  Terence (D:2)
  A worker ant (D:5)
  3 gnolls (D:2)
  4 adders
  An adder skeleton (D:4)
  An adder zombie (D:5)
  2 dart slugs (D:1)
  2 leopard geckos
  2 orcs (D:3)
  A ball python (D:1)
  10 bats
  4 giant cockroaches
  8 goblins
  5 hobgoblins
  4 quokkas
  4 frilled lizards
  12 kobolds
  11 rats
83 creatures vanquished.

Notes
Turn   | Place    | Note
-------+----------+-------------------------------------------
     0 | D:1      | poirepourri the Octopode Fighter began the quest for the Orb.
     0 | D:1      | Reached XP level 1. HP: 16/16 MP: 1/1
    21 | D:1      | Reached XP level 2. HP: 15/21 MP: 2/2
    31 | D:1      | Reached skill level 3 in Long Blades
   311 | D:1      | Reached XP level 3. HP: 19/26 MP: 3/3
  1098 | D:2      | Reached skill level 4 in Long Blades
  1109 | D:2      | Reached XP level 4. HP: 23/31 MP: 4/4
  1367 | D:2      | Found a runed door.
  1484 | D:2      | Noticed Terence
  1492 | D:2      | Killed Terence
  1492 | D:2      | Reached skill level 5 in Long Blades
  1492 | D:2      | Reached XP level 5. HP: 36/36 MP: 5/5
  1590 | D:2      | Found a hide-covered altar of Uskayaw.
  1593 | D:2      | Noticed a dagger
  1594 | D:2      | Noticed a dagger
  1817 | D:2      | Noticed Crazy Yiuf
  1821 | D:2      | Killed Crazy Yiuf
  2022 | D:3      | Noticed Natasha
  2031 | D:3      | Killed Natasha
  2700 | D:3      | Found a deep blue altar of Sif Muna.
  2700 | D:3      | Noticed Natasha
  2718 | D:3      | Killed Natasha
  2718 | D:3      | Reached skill level 6 in Long Blades
  2718 | D:3      | Reached XP level 6. HP: 34/42 MP: 6/6
  2805 | D:3      | Noticed Natasha
  2836 | D:3      | Killed Natasha
  3201 | D:4      | You fall through a shaft!
  3201 | D:5      | Entered Level 5 of the Dungeon
  3243 | D:5      | Noticed a sky beast
  3597 | D:5      | Noticed an ice beast
  3617 | D:4      | Killed an ice beast
  3617 | D:4      | Reached skill level 5 in Fighting
  3617 | D:4      | Reached XP level 7. HP: 37/50 MP: 7/7
  3990 | D:5      | Slain by a sky beast

Vault maps used:
D:1:      scummos_arrival_simple_fountains, minmay_split_cup_large
D:2:      dancing_weapons_uskayaw, uniq_crazy_yiuf_cottage, uniq_terence
D:3:      kennysheep_big_flooded_room, led_sif_book, uniq_natasha
D:4:      kennysheep_mini_moat, minmay_temple_entry_butterflies
D:5:      okawaru_metal_pillars_3, first_ration, nicolae_underground_beach,
          uniq_menkaure

Skill      XL: |  1  2  3  4  5  6 |
---------------+-------------------+-----
Long Blades    | 3 4 5 6 |  6.1
Fighting       | 5 |  5.1
Dodging        | |  3.0
Shields        | |  3.0

Action                   |  1- 3 |  4- 6 |  7- 9 || total
-------------------------+-------+-------+-------++-------
Melee: Long sword        |    73 |    79 |    11 ||   163
       Constrict         |    19 |    21 |       ||    40
       Tentacles         |    11 |    14 |     2 ||    27
Evoke: Wand              |       |     2 |       ||     2
  Use: Scroll            |     3 |     6 |       ||     9
       Potion            |       |     6 |       ||     6
 Stab: Sleeping          |     6 |     6 |       ||    12
  Eat: Ration            |     1 |     2 |       ||     3
Armor: Skin              |     5 |     8 |       ||    13
Dodge: Dodged            |    34 |    30 |     4 ||    68
Block: Shield            |    27 |    37 |     3 ||    67
       Rpst.: Long sword |     7 |     6 |     1 ||    14

Table legend:
 A = Spawn XP
 B = Non-spawn XP
 C = Spawn XP percentage of total XP
 D = Spawn monster count
 E = Non-spawn monster count
 F = Spawn count percentage of total count
 G = Total turns spent on level
                    A         B        C        D         E        F      G
               +---------+---------+-------+---------+---------+-------+---------
         Total |       0 |     665 |   0.0 |       0 |      83 |   0.0 |  3990
               +---------+---------+-------+---------+---------+-------+---------
           D:1 |       0 |      54 |   0.0 |       0 |      34 |   0.0 |   960
           D:2 |       0 |     173 |   0.0 |       0 |      25 |   0.0 |   967
           D:3 |       0 |     152 |   0.0 |       0 |      15 |   0.0 |  1067
           D:4 |       0 |     208 |   0.0 |       0 |       6 |   0.0 |   578
           D:5 |       0 |      78 |   0.0 |       0 |       3 |   0.0 |   418
               +---------+---------+-------+---------+---------+-------+---------
